 Dungeon Crawl Stone Soup version 0.19.3-4-gbf9329e (webtiles) character file.

36981 Naow the Thaumaturge (level 13, -9/74 HPs)
             Began as a Deep Elf Conjurer on Jan 26, 2017.
             Was a High Priest of Vehumet.
             Mangled by a sixfirhy (12 damage)
             ... summoned by an orc high priest
             ... on level 2 of the Orcish Mines on Jan 27, 2017.
             The game lasted 01:03:22 (21445 turns).

Naow the Thaumaturge (Deep Elf Conjurer)           Turns: 21445, Time: 01:03:22

Health: -9/74      AC: 15    Str:  7    XL:     13   Next: 55%
Magic:  4/33       EV: 16    Int: 31    God:    Vehumet [*****.]
Gold:   1239       SH:  8    Dex: 15    Spells: 8 memorised, 13 levels left

rFire  . . .     SeeInvis .     J - +0 quick blade (protect)
rCold  . . .     Gourm    .     I - +5 ring mail of Zin's Esteem {Str+2}
rNeg   . . .     Faith    .     U - +3 buckler {reflect}
rPois  .         Spirit   .     O - +2 hat
rElec  .         Reflect  +     k - +0 cloak
rCorr  .         Harm     .     (no gloves)
MR     +....                    C - +1 pair of boots
Stlth  +.........               s - amulet of regeneration
                                l - ring of wizardry
                                Q - +5 ring of intelligence

@: no status effects
A: no striking features
a: Renounce Religion


You were on level 2 of the Orcish Mines.
You worshipped Vehumet.
Vehumet was extremely pleased with you.
You were not hungry.

You visited 3 branches of the dungeon, and saw 17 of its levels.
You also visited: Ice Cave.

You collected 1329 gold pieces.
You spent 90 gold pieces at shops.

Inventory:

Hand Weapons
 J - a +0 quick blade of protection (weapon)
Armour
 k - a +0 cloak (worn)
 C - a +1 pair of boots (worn)
 E - the +18 shield of the Gong {rElec rN+ MR+ EV-5}
   (You found it on level 7 of the Dungeon)

   It affects your evasion (-5).
   It insulates you from electricity.
   It protects you from negative energy.
   It affects your resistance to hostile enchantments.
 I - the +5 ring mail of Zin's Esteem (worn) {Str+2}
   (You found it on level 8 of the Dungeon)

   It affects your strength (+2).
 O - a +2 hat (worn)
 U - a +3 buckler of reflection (worn)
Magical Staves
 N - an uncursed staff of earth
Jewellery
 h - an uncursed ring of protection from magic
 l - a ring of wizardry (right hand)
 s - an amulet of regeneration (around neck)
 M - a +3 ring of intelligence
 Q - a +5 ring of intelligence (left hand)
 R - an uncursed amulet of rage
Wands
 q - a wand of lightning (3/15)
 F - a wand of random effects (30/48)
 H - a wand of random effects (28/48)
 P - a wand of teleportation (6/9)
Scrolls
 e - a scroll of enchant armour
 u - a scroll of blinking
 y - a scroll of enchant weapon
 B - 3 scrolls of identify
 K - a scroll of magic mapping
 L - a scroll of teleportation
Potions
 d - 4 potions of brilliance
 f - 4 potions of invisibility
 g - 2 potions of curing
 j - 3 potions of flight
 o - 2 potions of berserk rage
 t - a potion of mutation
 v - 2 potions of haste
 x - a potion of lignification
 z - a potion of agility
 A - a potion of resistance
 S - 3 potions of might
Books
 b - a book of Conjurations

   Spells                             Type                      Level
   a - Magic Dart                     Conjuration                  1
   b - Searing Ray                    Conjuration                  2
   c - Dazzling Spray                 Conjuration/Hexes            3
   d - Fulminant Prism                Conjuration/Hexes            4
   e - Iskenderun's Mystic Blast      Conjuration                  4
   f - Iskenderun's Battlesphere      Conjuration/Charms           5
 i - a book of Beasts

   Spells                             Type                      Level
   a - Summon Butterflies             Summoning                    1
   b - Call Canine Familiar           Summoning                    3
   c - Summon Ice Beast               Ice/Summoning                4
   d - Summon Mana Viper              Hexes/Summoning              5
   e - Summon Hydra                   Summoning                    7
Comestibles
 a - 8 chunks of flesh
 c - 12 bread rations
 m - 9 fruits
 n - 6 meat rations
 w - 3 slices of pizza
 G - a beef jerky


   Skills:
 + Level 6.1 Fighting
 + Level 12.6 Dodging
 - Level 2.4 Stealth
 - Level 4.2 Shields
 + Level 14.4 Spellcasting
 + Level 12.9 Conjurations
 - Level 6.4 Hexes
 - Level 9.8 Charms
 + Level 6.7 Fire Magic


You had 13 spell levels left.
You knew the following spells:

 Your Spells              Type           Power        Failure   Level  Hunger
a - Magic Dart            Conj           ####         1%          1    None
b - Searing Ray           Conj           ######       1%          2    None
c - Iskenderun's Battles  Conj/Chrm      #######.     1%          5    None
d - Iskenderun's Mystic   Conj           #######.     1%          4    None
e - Sting                 Conj/Pois      ####         1%          1    None
f - Fulminant Prism       Conj/Hex       ######....   1%          4    None
g - Fireball              Conj/Fire      ######....   1%          5    None
h - Bolt of Magma         Conj/Fire/Erth ######....   1%          5    None


Dungeon Overview and Level Annotations

Branches:
Dungeon (14/15)            Temple (1/1) D:7            Lair (0/6) D:11
    Orc (2/2) D:11            Elf (0/3) Orc:2        Vaults (0/5) D:14

Altars:
Ashenzari
Cheibriados
Dithmenos
Elyvilon
Fedhas
Gozag
Hepliaklqana
Kikubaaqudgha
Makhleb
Nemelex Xobeh
Okawaru
Qazlal
Ru
Sif Muna
Trog
Uskayaw
Vehumet
Yredelemnul
Zin
The Shining One

Shops:
D:4 =   D:5 ?   Orc:2 *!


Message History

Things that are here:
a long sword; a chain mail The orc high priest mumbles some strange prayers to Beogh.
Things that are here:
a long sword; a chain mail The sixfirhy hits you but does no damage. x2
You block the sixfirhy's attack. The sixfirhy hits you.
The sixfirhy shocks you!
* * * LOW HITPOINT WARNING * * *
The sixfirhy barely misses you.
The hellwing swoops through the air toward you!
The hellwing misses you. The hellwing closely misses you.
The sixfirhy hits you.
* * * LOW HITPOINT WARNING * * *
The sixfirhy shocks you!
* * * LOW HITPOINT WARNING * * *
The sixfirhy hits you!
* * * LOW HITPOINT WARNING * * *
The sixfirhy shocks you!
You die...

.......#)[.##.........# ........
......###.[###..#....# ...._..
.....#####..###.....### ......
....###.###).###..(##.## .....
...###...###.(###..([..# #....
..###)#)#.###..###.##[## ####....
.###...#o..###[[######.###.###...
###.*)###...###).###...[....#....
##.44## ##.4.###@.###......##....
#.o)## ##.*o.3...###......##...
.o)## ##...#4.[)###..()##....
#3## ##..).#[[.###....#....
.....# ##.....#.∩####.......
..#.## ##.)#.....# #.......
..*..# ##..)..#.∩####....... #.#
.o# ##....#)..###.#)......
...##..# ##...#....###..........


You could see an orc high priest, a hellwing, a sixfirhy and a friendly
battlesphere.

Vanquished Creatures
  A reaper (IceCv)
  An ogre mage (D:14)
  Erolcha (Orc:1)
  A centaur warrior (Orc:1)
  4 orc high priests (Orc:2)
  Nergalle (D:11)
  2 sun demons (Orc:2)
  The ghost of loom the Thaumaturge, a novice DECj of Vehumet (D:9)
  A skeletal warrior (D:14)
  An infernal demonspawn (Orc:2)
  5 orc knights
  4 hill giants
  2 ugly things
  A deep elf mage (D:11)
  2 manticores
  3 orc sorcerers (Orc:2)
  A cyclops (D:13)
  2 rust devils
  Maurice (D:8)
  Joseph (D:8)
  A smoke demon (Orc:2)
  2 ice statues (IceCv)
  4 gargoyles
  2 komodo dragons
  2 kobold demonologists
  A guardian mummy (D:14)
  A red devil (Orc:2)
  10 ice devils
  4 trolls
  A hornet (D:9)
  2 two-headed ogres (D:14)
  2 hippogriffs
  A spriggan (D:10)
  2 wyverns
  A basilisk (D:13)
  A chaos spawn (Orc:1)
  Grum (D:10)
  A hungry ghost (D:9)
  A warg (Orc:2)
  23 orc warriors
  4 black bears
  3 ice beasts
  4 sky beasts
  4 wolves (D:10)
  5 ogres
  The ghost of Jovan the Slasher, an amateur HuFi (D:4)
  2 phantoms
  14 centaurs
  3 crocodiles
  12 big kobolds
  7 bullfrogs
  An elf zombie (D:8)
  A wyvern zombie (D:14)
  A wyvern skeleton (D:10)
  3 scorpions
  3 killer bees (D:10)
  5 crimson imps
  A bullfrog zombie (D:12)
  3 jellies
  10 hounds
  18 orc wizards
  32 orc priests
  2 centaur skeletons
  2 human zombies (D:8)
  3 bullfrog skeletons
  4 iguanas
  Terence (D:2)
  13 worker ants
  A hound skeleton (D:5)
  A howler monkey zombie (D:6)
  A mummy (D:14)
  A worker ant zombie (D:9)
  8 gnolls
  10 adders
  5 shadow imps
  6 white imps (IceCv)
  7 ufetubi (IceCv)
  An ooze (D:3)
  An adder skeleton (D:9)
  2 dart slugs
  4 worms
  8 leopard geckos
  69 orcs
  11 bats
  4 giant cockroaches
  6 goblins
  A hobgoblin (D:3)
  13 jackals
  23 kobolds
  3 quokkas
  6 frilled lizards
  A leopard gecko skeleton (D:8)
  A leopard gecko zombie (D:5)
  3 orc skeletons (D:8)
  A quokka skeleton (D:5)
  A quokka zombie (D:9)
  7 rats
  A spectral orc (D:5)
468 creatures vanquished.

Vanquished Creatures (others)
  An orc priest (Orc:1)
  2 white imps (IceCv)
  6 ufetubi (IceCv)
  9 fulminant prisms
18 creatures vanquished.

Grand Total: 486 creatures vanquished

Notes
Turn   | Place    | Note
-------+----------+-------------------------------------------
     0 | D:1      | Naow the Deep Elf Conjurer began the quest for the Orb.
     0 | D:1      | Reached XP level 1. HP: 10/10 MP: 6/6
   257 | D:1      | Reached XP level 2. HP: 15/15 MP: 5/8
   778 | D:1      | Learned a level 2 spell: Searing Ray
   992 | D:2      | Reached skill level 5 in Conjurations
  1035 | D:2      | Reached skill level 4 in Spellcasting
  1060 | D:2      | Reached XP level 3. HP: 15/19 MP: 6/10
  1128 | D:2      | Noticed Terence
  1135 | D:2      | Killed Terence
  1689 | D:2      | Reached XP level 4. HP: 24/24 MP: 4/12
  2324 | D:3      | Reached skill level 5 in Spellcasting
  2470 | D:3      | Reached XP level 5. HP: 28/28 MP: 9/14
  2520 | D:2      | Learned a level 5 spell: Iskenderun's Battlesphere
  2525 | D:2      | Learned a level 4 spell: Iskenderun's Mystic Blast
  2732 | D:3      | Found a sparkling altar of Nemelex Xobeh.
  3318 | D:4      | Noticed Jovan's ghost (amateur HuFi)
  3323 | D:4      | Killed Jovan's ghost
  3323 | D:4      | Reached skill level 6 in Spellcasting
  3323 | D:4      | Reached XP level 6. HP: 28/32 MP: 5/17
  3586 | D:4      | Reached skill level 1 in Charms
  3779 | D:4      | Found Biomat's Jewellery Shoppe.
  3836 | D:4      | Found a blossoming altar of Fedhas.
  4500 | D:5      | Entered Level 5 of the Dungeon
  4500 | D:5      | Found Sanutuak's Magic Scroll Shop.
  4503 | D:5      | Reached XP level 7. HP: 31/36 MP: 14/18
  5271 | D:5      | Reached skill level 7 in Spellcasting
  5440 | D:5      | Found a basalt altar of Yredelemnul.
  5549 | D:5      | Found a shattered altar of Ashenzari.
  5676 | D:5      | You fall through a shaft for 3 floors!
  5686 | D:8      | Reached skill level 5 in Charms
  5711 | D:8      | Reached XP level 8. HP: 20/41 MP: 11/20
  6388 | D:6      | Reached skill level 5 in Dodging
  6570 | D:6      | Found a hazy altar of Hepliaklqana.
  6721 | D:6      | Found a shadowy altar of Dithmenos.
  6804 | D:6      | Reached skill level 8 in Spellcasting
  7769 | D:7      | Found a staircase to the Ecumenical Temple.
  7834 | Temple   | Entered the Ecumenical Temple
  7846 | Temple   | Became a worshipper of Vehumet
  8127 | D:7      | Reached skill level 1 in Shields
  8129 | D:7      | Reached XP level 9. HP: 36/45 MP: 11/23
  9001 | D:8      | Noticed Maurice
  9009 | D:8      | Killed Maurice
  9009 | D:8      | Reached skill level 9 in Spellcasting
  9187 | D:8      | Reached * piety under Vehumet
  9187 | D:8      | Offered knowledge of Sting by Vehumet.
  9190 | D:8      | Learned a level 1 spell: Sting
  9195 | D:8      | Learned a level 4 spell: Fulminant Prism
  9313 | D:8      | Noticed Joseph
  9340 | D:8      | Killed Joseph
 10056 | D:8      | Reached XP level 10. HP: 50/50 MP: 16/25
 10127 | D:8      | Got a crude ring mail
 10138 | D:8      | Identified the +5 ring mail of Zin's Esteem {Str+2} (You found it on level 8 of the Dungeon)
 10392 | D:9      | Reached skill level 1 in Hexes
 10408 | D:9      | Paralysed by a hornet for 3 turns
 10492 | D:9      | Noticed loom's ghost (novice DECj)
 10500 | D:9      | Killed loom's ghost
 10500 | D:9      | Reached skill level 10 in Spellcasting
 10688 | D:9      | Reached ** piety under Vehumet
 10688 | D:9      | Offered knowledge of Flame Tongue by Vehumet.
 10693 | D:9      | Reached skill level 10 in Conjurations
 11057 | D:9      | Found a sacrificial altar of Ru.
 11286 | D:10     | Entered Level 10 of the Dungeon
 11394 | D:10     | Offered knowledge of Ignite Poison by Vehumet.
 11712 | D:10     | Noticed a hill giant
 11720 | D:10     | Killed a hill giant
 11720 | D:10     | Reached skill level 11 in Spellcasting
 12057 | D:10     | Reached skill level 5 in Hexes
 12057 | D:10     | Reached XP level 11. HP: 46/54 MP: 21/28
 12670 | D:10     | Reached *** piety under Vehumet
 12774 | D:10     | Noticed Grum
 12776 | D:10     | Killed Grum
 13337 | D:11     | Noticed a hill giant
 13345 | D:11     | Killed a hill giant
 13692 | D:11     | Found a staircase to the Orcish Mines.
 14183 | D:11     | Found a staircase to the Lair.
 14473 | D:11     | Noticed a deep elf mage
 14477 | D:11     | Killed a deep elf mage
 14477 | D:11     | Reached skill level 1 in Fighting
 14477 | D:11     | Reached skill level 12 in Spellcasting
 14736 | D:12     | Noticed a hill giant
 14743 | D:12     | Killed a hill giant
 14743 | D:12     | Offered knowledge of Sticky Flame by Vehumet.
 14743 | D:12     | Reached skill level 10 in Dodging
 15166 | D:12     | Found an ancient bone altar of Kikubaaqudgha.
 15460 | D:12     | Reached **** piety under Vehumet
 15499 | D:12     | Noticed a white ugly thing
 15504 | D:12     | Killed a white ugly thing
 16384 | D:13     | Offered knowledge of Fireball by Vehumet.
 16397 | D:13     | Learned a level 5 spell: Fireball
 16568 | D:13     | Reached skill level 1 in Fire Magic
 16568 | D:13     | Reached XP level 12. HP: 64/64 MP: 11/30
 16572 | D:13     | Found a frozen archway.
 16656 | IceCv    | Entered an ice cave
 17493 | IceCv    | Noticed a reaper
 17511 | IceCv    | Killed a reaper
 17511 | IceCv    | Reached skill level 13 in Spellcasting
 18389 | D:14     | Noticed an ogre mage
 18391 | D:14     | Killed an ogre mage
 18427 | D:14     | Found a gate to the Vaults.
 18813 | Orc:1    | Entered Level 1 of the Orcish Mines
 18813 | Orc:1    | Noticed Erolcha
 18819 | Orc:1    | Noticed Nergalle
 18819 | Orc:1    | Killed Erolcha
 18939 | D:11     | Killed Nergalle
 19078 | Orc:1    | Reached skill level 5 in Fighting
 19222 | Orc:2    | Entered Level 2 of the Orcish Mines
 19223 | Orc:2    | Reached ***** piety under Vehumet
 19223 | Orc:2    | Offered knowledge of Bolt of Magma by Vehumet.
 19249 | Orc:1    | Noticed a centaur warrior
 19253 | Orc:1    | Killed a centaur warrior
 19253 | Orc:1    | Reached skill level 5 in Fire Magic
 19671 | Orc:2    | Reached XP level 13. HP: 37/72 MP: 17/32
 19979 | Orc:2    | Found Mixim's General Store.
 19984 | Orc:2    | Found Wahuesau's Distillery.
 20014 | Orc:2    | Bought 2 potions of curing for 90 gold pieces
 20062 | Orc:2    | Learned a level 5 spell: Bolt of Magma
 20095 | Orc:1    | Reached skill level 14 in Spellcasting
 20343 | Orc:2    | Found a staircase to the Elven Halls.
 20756 | Orc:2    | Found a bloodstained altar of Trog.
 21403 | Orc:2    | Paralysed by an orc sorcerer for 7 turns
 21420 | Orc:2    | Offered knowledge of Venom Bolt by Vehumet.
 21445 | Orc:2    | HP: 3/74 [sixfirhy[an orc high priest] (9)]
 21445 | Orc:2    | Mangled by a sixfirhy

Skill      XL: |  1  2  3  4  5  6  7  8  9 10 11 12 13 |
---------------+----------------------------------------+-----
Conjurations   | 5 6 7 8 9 10 11 12 | 12.9
Spellcasting   | 4 5 6 7 8 9 11 12 13 14 | 14.4
Charms         | 2 5 8 9 |  9.8
Dodging        | 4 5 7 9 10 11 12 | 12.6
Shields        | 1 3 4 |  4.2
Hexes          | 5 6 |  6.4
Fighting       | 3 5 6 |  6.1
Fire Magic     | 1 5 6 |  6.7
Stealth        | |  2.4

Action                   |  1- 3 |  4- 6 |  7- 9 | 10-12 | 13-15 || total
-------------------------+-------+-------+-------+-------+-------++-------
Melee: Unarmed           |       |     3 |       |       |       ||     3
       Dagger            |       |       |     7 |     9 |       ||    16
       Quick blade       |       |       |       |       |     2 ||     2
 Cast: Magic Dart        |    64 |   107 |   242 |   274 |   150 ||   837
       Searing Ray       |       |    12 |    30 |    36 |     1 ||    79
       Iskenderun's Myst |       |     3 |     8 |    71 |    25 ||   107
       Iskenderun's Batt |       |       |    17 |    58 |    32 ||   107
       Sting             |       |       |     7 |     5 |       ||    12
       Fulminant Prism   |       |       |       |     8 |     1 ||     9
       Fireball          |       |       |       |    57 |     1 ||    58
  Use: Scroll            |       |     7 |     1 |    22 |       ||    30
       Potion            |       |       |     2 |     8 |     2 ||    12
  Eat: Chunk             |     2 |     7 |    20 |    28 |     5 ||    62
       Royal jelly       |       |     1 |       |     1 |       ||     2
       Fruit             |       |       |       |     1 |       ||     1
       Meat ration       |       |       |       |     1 |       ||     1
Armor: Robe              |       |     1 |    18 |       |       ||    19
       Ring mail         |       |       |       |    73 |    15 ||    88
Dodge: Dodged            |     5 |    14 |    78 |   148 |    37 ||   282
Block: Buckler           |       |       |    10 |    80 |    33 ||   123
       Reflection        |       |       |       |     4 |     2 ||     6
